 Dungeon Crawl Stone Soup version bcrawl-1.19.2-6-g6a88ae04c9 (webtiles) character file.

Game seed: 978994049720772889

1451 Mrkan the Skirmisher (level 8, -7/73 HPs)
             Began as a Hill Orc Fighter on Dec 30, 2019.
             Was an Initiate of Gozag.
             Mangled by a troll (9 damage)
             ... on level 6 of the Dungeon.
             The game lasted 00:07:05 (6003 turns).

Mrkan the Skirmisher (Hill Orc Fighter)             Turns: 6003, Time: 00:07:06

Health: -7/73      AC: 14    Str: 20    XL:     8   Next: 75%
Magic:  8/8        EV:  6    Int:  8    God:    Gozag
Gold:   1136       SH: 12    Dex: 11    Spells: 7/7 levels left

rFire    . . .     SeeInvis .   a - +0 long sword
rCold    . . .     Gourm    .   c - +0 shield
rNeg     . . .     Faith    .   m - +0 chain mail
rPois    .         Spirit   .   (no helmet)
rElec    .         Reflect  .   (no cloak)
rCorr    .         Harm     .   p - +1 pair of gloves
MR       .....                  u - +0 pair of boots
Stlth    ..........             (no amulet)
HPRegen  0.22/turn              (no ring)
MPRegen  0.11/turn              (no ring)

@: no status effects
A: no striking features
a: Potion Petition, Call Merchant, Bribe Branch, Renounce Religion


You were on level 6 of the Dungeon.
You worshipped Gozag.
Gozag was most pleased with you.
You were not hungry.

You visited 1 branch of the dungeon, and saw 6 of its levels.

You collected 1152 gold pieces.
You paid 16 gold pieces to Gozag.

Inventory:

Hand Weapons
 a - a +0 long sword (weapon)
 r - the +8 great sword "Voyrphal" {chaos, rF- rC+ rN+ MP+9, unknown}
   (You found it on level 4 of the Dungeon)

   Each time it hits an enemy it has a different, random effect.
   It makes you vulnerable to fire.
   It protects you from cold.
   It protects you from negative energy.
   It affects your magic capacity (+9).
Armour
 c - a +0 shield (worn)
 m - a +0 chain mail (worn)
 p - a +1 pair of gloves (worn)
 u - a +0 pair of boots (worn)
Jewellery
 j - a cursed amulet of inaccuracy {unknown}
 v - an uncursed amulet of rage {unknown}
Wands
 t - a wand of iceblast (7)
Scrolls
 b - 2 scrolls of fog {unknown}
 g - 3 scrolls of teleportation {unknown}
 h - 6 scrolls of identify {unknown}
 i - a scroll of blinking {unknown}
 o - 3 scrolls of enchant weapon {unknown}
 q - 2 scrolls of remove curse {unknown}
 s - a scroll of torment {unknown}
Potions
 d - 3 potions of lignification
 e - a potion of heal wounds
 k - 4 potions of curing {unknown}
 l - a potion of magic {unknown}
 n - a potion of mutation {unknown}
 w - a potion of cancellation {unknown}
Comestibles
 f - 5 rations {!d}


   Skills:
 * Level 7.5 Fighting
   Level 7.5 Short Blades
   Level 7.5 Long Blades
   Level 7.5 Axes
   Level 7.5 Maces & Flails
   Level 7.5 Polearms
   Level 7.5 Staves
 + Level 6.6 Armour
 + Level 6.6 Shields
   Level 7.5 Unarmed Combat


You had 7 spell levels left.
You didn't know any spells.
Your spell library was empty.

Dungeon Overview and Level Annotations

Branches:
Dungeon (6/12)             Temple (0/1) D:6

Altars:
Cheibriados
Dithmenos
Fedhas
Gozag
Hepliaklqana
Okawaru
Ru
Sif Muna


Message History

You barely miss the troll.
The troll is almost dead.
The troll bites you but does no damage. The troll claws you but does no damage.
You block the troll's attack.
You hit the troll but do no damage.
The troll is almost dead.
The troll bites you!
* * * LOW HITPOINT WARNING * * *
The troll claws you but does no damage. You block the troll's attack.
You hit the troll but do no damage.
The troll is almost dead.
You feel less wooden.
Your +1 pair of gloves unmelds from your body.
Your +0 pair of boots unmelds from your body.
Your +0 chain mail unmelds from your body.
The troll bites you.
* * * LOW HITPOINT WARNING * * *
The troll claws you!
You die...
Your body crumbles into a pile of gold.

.###.#####
.........#
.#...###.######
..............#
......##.####.#
..#.####.# #.#
.##.>....# ##.####
. ######## #.....#
#..##@# #...#T#
#[#(#a# ###...(.###
#.........#
#...##.###.#
.........a.........
##...##.###.####...
##.# ..# #.#


You could see a troll and a worker ant.

Vanquished Creatures
  2 sky beasts
  A phantom (D:6)
  2 big kobolds
  A scorpion (D:5)
  3 howler monkeys
  3 crimson imps
  2 orc priests (D:4)
  2 hounds
  5 orc wizards
  A bullfrog skeleton (D:5)
  A centaur skeleton (D:5)
  Terence (D:3)
  3 worker ants
  A hound zombie (D:4)
  Robin (D:2)
  10 gnolls
  5 adders
  A shadow imp (D:6)
  4 oozes
  An adder zombie (D:5)
  An adder skeleton (D:4)
  3 worms
  A dart slug (D:2)
  A leopard gecko (D:3)
  16 orcs
  5 bats
  3 giant cockroaches
  11 goblins (D:2)
  16 hobgoblins
  17 jackals
  19 kobolds
  6 quokkas
  5 frilled lizards
  A jackal skeleton (D:4)
  A leopard gecko skeleton (D:5)
  7 rats
163 creatures vanquished.

Notes
Turn   | Place    | Note
-------+----------+-------------------------------------------
     0 | D:1      | Mrkan the Hill Orc Fighter began the quest for the Orb.
     0 | D:1      | Reached XP level 1. HP: 20/20 MP: 1/1
   153 | D:1      | Reached XP level 2. HP: 27/27 MP: 2/2
   599 | D:2      | Reached XP level 3. HP: 32/34 MP: 3/3
   809 | D:2      | Found an opulent altar of Gozag.
   857 | D:2      | Became a worshipper of Gozag Ym Sagoz the Greedy
   960 | D:2      | Reached XP level 4. HP: 29/41 MP: 4/4
  1046 | D:2      | Noticed Robin
  1095 | D:2      | Killed Robin
  1720 | D:3      | Found a hazy altar of Hepliaklqana.
  1802 | D:3      | Reached skill level 5 in Fighting
  1802 | D:3      | Reached XP level 5. HP: 48/48 MP: 5/5
  2048 | D:3      | Noticed Terence
  2060 | D:3      | Killed Terence
  2482 | D:3      | Found an iron altar of Okawaru.
  2658 | D:4      | Found a blossoming altar of Fedhas.
  2685 | D:4      | Reached XP level 6. HP: 56/56 MP: 6/6
  3214 | D:4      | Reached skill level 5 in Shields
  3385 | D:4      | Reached skill level 5 in Armour
  3385 | D:4      | Reached XP level 7. HP: 46/62 MP: 7/7
  3637 | D:4      | Reached skill level 6 in Fighting
  3660 | D:4      | Found a snail-covered altar of Cheibriados.
  3760 | D:4      | Got an ebony great sword
  4445 | D:5      | Entered Level 5 of the Dungeon
  4445 | D:5      | Found an iron altar of Okawaru.
  4445 | D:5      | Found a shimmering blue altar of Sif Muna.
  4853 | D:5      | Reached XP level 8. HP: 50/71 MP: 8/8
  5387 | D:5      | Reached skill level 7 in Fighting
  5441 | D:5      | Found a sacrificial altar of Ru.
  5554 | D:6      | Found a staircase to the Ecumenical Temple.
  5763 | D:6      | Found a shadowy altar of Dithmenos.
  5943 | D:6      | Noticed a troll
  6003 | D:6      | HP: 2/73 [troll (3)]
  6003 | D:6      | Mangled by a troll

Skill      XL: |  1  2  3  4  5  6  7  8 |
---------------+-------------------------+-----
Shields        | 4 5 6 |  6.6
Armour         | 4 5 6 |  6.6
Fighting       | 5 6 7 |  7.5
Short Blades   | |  7.5
Long Blades    | |  7.5
Axes           | |  7.5
Maces & Flails | |  7.5
Polearms       | |  7.5
Staves         | |  7.5
Unarmed Combat | |  7.5

Action                   |  1- 3 |  4- 6 |  7- 9 || total
-------------------------+-------+-------+-------++-------
Melee: Long sword        |   146 |   326 |   412 ||   884
  Use: Potion            |       |     1 |     2 ||     3
 Stab: Distracted        |       |       |     1 ||     1
  Eat: Ration            |       |     2 |     3 ||     5
       Chunk             |       |     1 |       ||     1
Armor: Scale mail        |    27 |       |       ||    27
       Chain mail        |    69 |   210 |   241 ||   520
       Skin              |       |       |    41 ||    41
Dodge: Dodged            |    39 |    77 |    92 ||   208
Block: Shield            |   107 |   191 |   313 ||   611
